 Dungeon Crawl Stone Soup version 0.26-a0-682-g294304f6e8 (webtiles) character file.

Game seed: 15196450463412210006

318692 mandarbmax the Earth Mage (level 22, -5/174 HPs)
             Began as a Formicid Earth Elementalist on Oct 21, 2020.
             Was the Champion of Ashenzari.
             Slain by a deep troll (23 damage)
             ... on level 4 of the Depths.
             The game lasted 03:59:10 (71468 turns).

mandarbmax the Earth Mage (FoEE)                   Turns: 71468, Time: 03:59:10

Health: -5/174     AC: 36    Str: 17    XL:     22   Next: 41%
Magic:  34/34      EV:  9    Int: 26    God:    Ashenzari [******]
Gold:   1680       SH: 24    Dex: 10    Spells: 2/45 levels left

rFire    + . .     SeeInvis +   V - +0 lajatang "Tyuss" {speed, Int+5 Dex-5 Stlth+} (curse)
rCold    . . .     Faith    .   y - +0 tower shield (curse)
rNeg     . . .     Spirit   .   a - +7 plate armour "Nekhorphesm" {Dex+4 Stlth+} (curse)
rPois    +         Reflect  +   (helmet unavailable)
rElec    +         Harm     .   h - +2 cloak (curse)
rCorr    +         Rampage  .   s - +2 pair of gloves (curse)
MR       ++...     Clarity  +   W - +1 pair of boots of Bover {rElec rF+} (curse)
Stlth    ..........             k - amulet of reflection (curse)
HPRegen  0.39/turn              j - ring of resist corrosion (curse)
MPRegen  0.24/turn              m - ring of poison resistance (curse)

@: no status effects
A: permanent stasis, dig shafts and tunnels, four strong arms, antennae 3,
blurry vision 1, low mp 1
}: 2/15 runes: decaying, gossamer
a: Dig, Shaft Self, Curse Item, Scrying, Transfer Knowledge, Renounce Religion


You were on level 4 of the Depths.
You worshipped Ashenzari.
Ashenzari was exalted by your worship.
You visited 7 branches of the dungeon, and saw 36 of its levels.
You also visited: Ossuary, Ice Cave and Wizlab.

You collected 5469 gold pieces.
You spent 3789 gold pieces at shops.

Inventory:

Hand Weapons
 V - the cursed +0 lajatang "Tyuss" (weapon) {speed, Int+5 Dex-5 Stlth+}
   (You found it in an ice cave)

   Attacks with this weapon are significantly faster.
   It affects your intelligence (+5).
   It affects your dexterity (-5).
   It makes you more stealthy.
   It has a curse placed upon it.
Missiles
 q - 508 stones (quivered)
Armour
 a - the cursed +7 plate armour "Nekhorphesm" (worn) {Dex+4 Stlth+}
   (You bought it in a shop on level 2 of the Orcish Mines)

   It affects your dexterity (+4).
   It makes you more stealthy.
   It has a curse placed upon it.
 h - a cursed +2 cloak (worn)
 s - a cursed +2 pair of gloves (worn)
 y - a cursed +0 tower shield (worn)
 W - the cursed +1 pair of boots of Bover (worn) {rElec rF+}
   (You found it on level 5 of the Lair of Beasts)

   It protects you from fire.
   It insulates you from electricity.
   It has a curse placed upon it.
Magical Staves
 O - an uncursed staff of earth
Jewellery
 g - an uncursed ring of protection from magic
 j - a cursed ring of resist corrosion (left hand)
 k - a cursed amulet of reflection (around neck)
 m - a cursed ring of poison resistance (right hand)
 r - an uncursed ring of ice
 u - an uncursed amulet of guardian spirit
 Q - the ring of Nefin {Fire Dex+6}
   (You found it on level 1 of the Lair of Beasts)

   [ring of fire]

   It enhances your fire magic.
   It affects your dexterity (+6).
   It protects you from fire.
   It makes you vulnerable to cold.
Wands
 b - a wand of random effects (98)
 f - a wand of flame (46)
 v - a wand of polymorph (64)
 B - a wand of paralysis (37)
 C - a wand of digging (23)
 J - a wand of disintegration (30)
 K - a wand of enslavement (28)
 X - a wand of iceblast (24)
 Y - a wand of acid (3)
Scrolls
 c - 10 scrolls of remove curse
 o - a scroll of brand weapon
 A - 4 scrolls of fear
 D - 22 scrolls of identify
 G - 6 scrolls of magic mapping
 P - 5 scrolls of fog
 R - a scroll of silence
 S - 3 scrolls of amnesia
 T - 9 scrolls of enchant weapon
Potions
 e - 6 potions of flight
 i - 12 potions of brilliance
 l - a potion of resistance
 n - 15 potions of curing
 p - 4 potions of stabbing
 t - 7 potions of cancellation
 z - 4 potions of might
 H - 6 potions of mutation
 M - 2 potions of magic
 N - a potion of ambrosia
Miscellaneous
 d - a phantom mirror
 w - a phial of floods
 L - a condenser vane (2/2)
 Z - a box of beasts (3/3)


   Skills:
 + Level 14.8 Fighting
 - Level 9.7(14.0) Staves
 - Level 14.0(19.3) Armour
 - Level 8.0 Dodging
 - Level 2.4 Stealth
 - Level 12.3(15.0) Shields
 - Level 12.0 Spellcasting
 - Level 13.9(18.0) Conjurations
 - Level 12.9(17.0) Summonings
 - Level 1.1(3.7) Transmutations
 - Level 1.4(4.3) Ice Magic
 * Level 17.7(21.4) Earth Magic
 - Level 11.8(16.0) Evocations


You had 2 spell levels left.
You knew the following spells:

 Your Spells              Type           Power        Failure   Level
a - Sandblast             Erth           ######       0%          1
b - Stone Arrow           Conj/Erth      ######       1%          3
c - Lee's Rapid Deconstr  Erth           #######...   1%          5
d - Iron Shot             Conj/Erth      #######...   1%          6
e - Petrify               Tmut/Erth      ######..     2%          4
f - Ozocubu's Armour      Ice            #####...     22%         3
g - Shadow Creatures      Summ           N/A          6%          6
h - Spellforged Servitor  Conj/Summ      #######...   26%         7
i - Lehudib's Crystal Sp  Conj/Erth      #######...   63%         8

Your spell library contained the following spells:

 Spells                   Type           Power        Failure   Level
 Foxfire                  Conj/Fire      ####         1%          1
 Magic Dart               Conj           ####         1%          1
 Call Imp                 Summ           #######.     1%          2
 Passwall                 Tmut/Erth      ######..     1%          2
 Freeze                   Ice            ####         7%          1
 Beastly Appendage        Tmut           ####..       9%          1
 Wereblood                Tmut           ####....     14%         2
 Corona                   Hex            ###....      30%         1
 Slow                     Hex            ###.....     43%         2
 Iskenderun's Battlesphe  Conj           #######.     1%          5
 Summon Demon             Summ           #######...   1%          5
 Conjure Flame            Conj/Fire      ######..     2%          3
 Hailstorm                Conj/Ice       ######..     4%          4
 Leda's Liquefaction      Hex/Erth       ######....   4%          4
 Summon Ice Beast         Ice/Summ       ######..     4%          4
 Bolt of Magma            Conj/Fire/Erth ######....   4%          5
 Mephitic Cloud           Conj/Pois/Air  #####...     9%          3
 Sticky Flame             Conj/Fire      ######..     9%          4
 Summon Lightning Spire   Summ/Air       ######..     11%         4
 Frozen Ramparts          Ice            #####.       22%         3
 Orb of Destruction       Conj           #######...   22%         7
 Fireball                 Conj/Fire      ######....   24%         5
 Summon Forest            Summ/Tloc      ######....   30%         5
 Summon Mana Viper        Hex/Summ       ######..     30%         5
 Summon Hydra             Summ           #######...   32%         7
 Spider Form              Tmut/Pois      ####......   45%         3
 Ignite Poison            Fire/Tmut/Pois ###.....     52%         3
 Ice Form                 Ice/Tmut       #####...     61%         4
 Inner Flame              Hex/Fire       ###.....     67%         3
 Portal Projectile        Hex/Tloc       ###...       67%         3
 Conjure Ball Lightning   Conj/Air       ######....   80%         6
 Starburst                Conj/Fire      ######....   80%         6
 Blade Hands              Tmut           ####......   94%         5
 Cause Fear               Hex            ###.......   97%         4
 Silence                  Hex/Air        ###.......   100%        5
 Chain Lightning          Conj/Air       ######....   100%        8
 Ignition                 Fire           ###.......   100%        8
 Absolute Zero            Ice            #####.....   100%        9
 Fire Storm               Conj/Fire      ######....   100%        9
 Tornado                  Air            ###.......   100%        9
 Blink                    Tloc           Unusable     N/A         2

Dungeon Overview and Level Annotations

Branches:
Dungeon (15/15)            Temple (1/1) D:4            Lair (6/6) D:11
  Swamp (4/4) Lair:3       Spider (4/4) Lair:2        Slime (0/5) Lair:5
    Orc (2/2) D:12            Elf (0/3) Orc:2        Vaults (0/5) D:13
 Depths (4/5) D:15        Ossuary (visited)           IceCv (visited)
 WizLab (visited)

Altars:
Ashenzari
Cheibriados
Dithmenos
Elyvilon
Fedhas
Gozag
Hepliaklqana
Kikubaaqudgha
Makhleb
Nemelex Xobeh
Okawaru
Qazlal
Ru
Sif Muna
Trog
Uskayaw
Vehumet
Wu Jian
Xom
Yredelemnul
Zin
The Shining One
Beogh

Shops:
D:5 ?   D:7 !   D:8 (!(?[   D:12 :   Orc:2 ([:[

Portals:
Hell: Depths:1 Depths:2 Depths:3
Abyss: Depths:1
Pandemonium: Depths:3
Ziggurat: Depths:1

Annotations:
D:6 exclusion: oklob plant
Depths:1 3 runed translucent doors, Coschot's ghost, adept DgCj; jesuscristo's ghost, adept OgHu; miscthings's ghost, adept KoBe


Innate Abilities, Weirdness & Mutations

You cannot be hasted, slowed, berserked, paralysed or teleported.
You can dig through walls and to a lower floor.
Your four strong arms can wield two-handed weapons with a shield.
You have a pair of large antennae on your head. (SInv)
Scrolls take you a little longer to read.
Your magical capacity is low. (-10% MP)


Message History

* * * LOW HITPOINT WARNING * * *
You block the deep troll's attack.
Unknown command.
You block the deep troll's attack. x2; The deep troll claws you.
* * * LOW HITPOINT WARNING * * *
You block the spark wasp's attack.
Unknown command.
You extend your mandibles.
You dig through the rock wall.
The deep troll bites you.
* * * LOW HITPOINT WARNING * * *
The deep troll claws you!
* * * LOW HITPOINT WARNING * * *
You block the deep troll's attack.
You dig through the rock wall.
You block the deep troll's attack. x2
The deep troll claws you!
* * * LOW HITPOINT WARNING * * *
Okay, then.
You dig through the rock wall.
You block the deep troll's attack. x2
The deep troll claws you!!
You die...

####..#.#....#.#..###..########.*
*#.#..#.#.#..#...............<*
***..#.#....#..######...........*
,,,,#..#..##...######...########*
,,,,#...##..........{...#
,,,*........#...........#
**,*,.......#.######....#
**,,,.##...#..#### #....#
*,,,##..#..#.y.#@# #....#
,,,*∆...#.#...#T## #....#
,,,*,*,#..#.{T######....#********
,,*,,..#...{T{....^......,,,∆,,,*
,,*,,*#...C.(.............,,,,,,*
*,,,#.....?..T....##*,,,,,,,,,,,*
*,,,..##...###...?# *,,********,*
*,,,.**#...***....# *,,* *,*
,,,,,**#(..,,,....#**,,********,*


You could see a deep troll (fast, strong).

Vanquished Creatures
  Bai Suzhen (Depths:1)
  Frederick (Depths:4)
  Saint Roka (Orc:2)
  2 liches (Depths:2)
  Rupert (Orc:2)
  3 thorn hunters
  Kirke (Swamp:2)
  2 frost giants
  3 ghost moths (Spider:4)
  8 emperor scorpions
  2 orc warlords (Orc:1)
  23 very ugly things
  5 stone giants
  A spriggan defender (Depths:2)
  5 nameless horrors
  An entropy weaver (shapeshifter) (Depths:3)
  3 vampire knights
  Azrael (D:12)
  3 entropy weavers
  A white draconian (IceCv)
  11 spark wasps
  5 ettins
  2 mummy priests (WizLab)
  Josephine (Orc:1)
  The ghost of mandarbmax the Grappler, a journeyman TrTm of Cheibriados (Lair:1)
  3 fire dragons
  4 boulder beetles
  5 ice dragons
  2 great orbs of eyes
  4 rakshasas
  8 vault guards (D:13)
  A merfolk avatar (Lair:6)
  4 shambling mangroves
  18 hydras
  The ghost of Triangle the Fighter, a novice DrBe of Trog (D:11)
  2 ghost crabs
  A catoblepas (Lair:3)
  6 centaur warriors
  14 alligators
  5 two-headed ogres
  4 deep troll shamans
  2 tengu warriors (Depths:1)
  17 death yaks
  A titan zombie (WizLab)
  An orc high priest (Orc:2)
  2 deep troll earth magi (Depths:3)
  A vampire mage (Depths:2)
  Nergalle (Orc:1)
  A fire crab (Lair:5)
  3 hell knights (Depths:3)
  An iron troll (Depths:1)
  Sonja (Lair:5)
  A sea snake (Lair:6)
  A skeletal warrior (D:9)
  3 unseen horrors
  2 glowing orange brains
  A flayed ghost (Depths:3)
  A spark wasp zombie (WizLab)
  9 deep trolls
  4 wizards
  5 necromancers
  22 orb spiders
  5 orc knights
  2 fire giant zombies (WizLab)
  18 wolf spiders
  3 cyclopes
  56 ugly things
  A deep elf mage (D:15)
  2 manticores
  A frost giant zombie (WizLab)
  4 moths of wrath
  5 orc sorcerers
  2 salamanders (Depths:2)
  An ice statue (IceCv)
  4 centaur zombies
  Maurice (D:12)
  22 elephants
  A naga mage (D:15)
  5 black mambas
  20 cane toads
  4 torpor snails
  2 gargoyles
  9 rime drakes
  4 yaktaurs
  9 komodo dragons
  A kobold demonologist (D:14)
  14 demonic crawlers
  A tengu conjurer (Depths:1)
  4 guardian mummies (WizLab)
  4 freezing wraiths (Swamp:4)
  6 meliai
  37 jumping spiders
  A merfolk (shapeshifter) (Depths:4)
  10 trolls
  A queen bee (Spider:2)
  6 tyrant leeches
  Grinder (D:5)
  19 polar bears
  2 wind drakes (Lair:6)
  19 hornets
  34 blink frogs
  An elf zombie (WizLab)
  10 bog bodies
  An ice dragon zombie (WizLab)
  35 slime creatures
  A spriggan zombie (WizLab)
  7 dream sheep (Lair:6)
  A shadow (D:15)
  5 vampires
  A centaur simulacrum (D:15)
  The ghost of robertstho the Chiller, an amateur DEIE (D:5)
  23 tarantellas
  2 spriggans (Swamp:3)
  8 water elementals
  64 redbacks
  3 basilisks
  5 wyverns
  6 fire elementals
  51 yaks
  A wyvern (shapeshifter) (D:11)
  Grum (D:8)
  4 wraiths
  A steam dragon (Lair:4)
  2 hogs (Swamp:2)
  2 neqoxecs (D:11)
  2 chaos spawn (D:12)
  24 vampire mosquitoes
  2 swamp worm simulacra (Swamp:4)
  13 insubstantial wisps
  A warg (shapeshifter) (D:11)
  A soldier ant (shapeshifter) (D:11)
  21 swamp worms
  12 wargs
  2 soldier ants
  5 acid dragons
  25 hydra simulacra
  3 hell hounds (D:12)
  16 water moccasins
  A hornet zombie (D:14)
  Purgy (D:4)
  10 ice beasts
  49 orc warriors
  2 sky beasts
  3 black bears
  A boulder beetle simulacrum (Lair:1)
  5 phantoms
  11 necrophages
  A black mamba simulacrum (Lair:1)
  6 swamp drakes
  5 eyes of draining
  9 boggarts (Depths:2)
  21 ogres
  19 wolves
  17 centaurs
  A centaur (shapeshifter) (D:11)
  26 bullfrogs
  2 big kobolds (shapeshifter)
  4 big kobolds
  A wyvern zombie (D:11)
  3 water moccasin zombies (Ossuary)
  A cane toad simulacrum (Lair:1)
  2 scorpions
  25 killer bees
  15 wights
  A howler monkey (D:5)
  6 electric eels
  A komodo dragon simulacrum (Lair:1)
  A quasit (Depths:3)
  A bullfrog zombie (D:5)
  8 centaur skeletons
  3 hounds
  6 jellies
  A bullfrog skeleton (D:7)
  29 orc priests
  A water moccasin simulacrum (Lair:1)
  A gnoll shaman (D:5)
  Natasha (twice) (D:3)
  2 hell rats (D:11)
  5 iguanas
  36 orc wizards
  13 worker ants
  A killer bee zombie (D:5)
  6 big kobold zombies (Ossuary)
  2 hound zombies
  4 mummies
  A howler monkey zombie (D:5)
  5 worker ant zombies
  14 adders
  10 gnolls
  2 howler monkey skeletons
  4 river rats (D:11)
  A shadow imp (D:6)
  6 white imps
  3 ufetubi
  2 oozes (D:1)
  6 swamp drake simulacra (Swamp:4)
  5 adder zombies
  An adder skeleton (D:7)
  3 worms
  2 dart slugs
  4 leopard geckos (D:1)
  138 orcs
  10 bats
  6 giant cockroaches
  4 gnoll zombies (Ossuary)
  3 goblins
  8 hobgoblins
  6 jackals
  14 kobolds
  6 quokkas
  5 frilled lizards
  4 hobgoblin zombies (Ossuary)
  A jackal skeleton (D:6)
  A kobold zombie (Ossuary)
  A leopard gecko skeleton (D:4)
  4 orc zombies (Ossuary)
  6 rats
1611 creatures vanquished.

Vanquished Creatures (collateral kills)
  A juggernaut (Depths:2)
  A greater mummy (WizLab)
  A sphinx (Depths:1)
  An azure jelly (Swamp:4)
  A fire giant (Depths:2)
  3 very ugly things
  A spriggan defender (Depths:2)
  An ettin (Depths:2)
  An ogre mage (Depths:2)
  A centaur warrior (Depths:3)
  A two-headed ogre (Depths:2)
  2 tengu warriors
  A nameless horror (WizLab)
  2 ugly things (Depths:2)
  A human zombie (WizLab)
  2 yaktaurs (Depths:2)
  A tengu conjurer (Depths:2)
  A slime creature (Depths:2)
  2 ettin zombies (WizLab)
  A spriggan (Depths:2)
  A tengu zombie (WizLab)
27 creatures vanquished.

Vanquished Creatures (others)
  3 polar bears (IceCv)
  2 slime creatures (Depths:1)
  A yak (IceCv)
  2 spriggans
  A human (Swamp:2)
  A swamp worm (Swamp:4)
  A swamp drake (Swamp:2)
  5 wolves (IceCv)
  3 bushes (Lair:6)
  42 fungi
  115 plants
  9 withered plants (D:10)
185 creatures vanquished.

Grand Total: 1823 creatures vanquished

Notes
Turn   | Place    | Note
-------+----------+-------------------------------------------
     0 | D:1      | mandarbmax the Formicid Earth Elementalist began the quest
                  | for the Orb.
     0 | D:1      | Reached XP level 1. HP: 13/13 MP: 3/3
   161 | D:1      | Reached skill level 4 in Earth Magic
   161 | D:1      | Reached XP level 2. HP: 19/19 MP: 1/5
   527 | D:1      | Reached XP level 3. HP: 24/24 MP: 6/6
   725 | D:1      | Reached skill level 5 in Earth Magic
   962 | D:2      | Learned a level 3 spell: Stone Arrow
  1058 | D:2      | Reached XP level 4. HP: 30/30 MP: 4/7
  1334 | D:2      | Reached skill level 6 in Earth Magic
  1631 | D:2      | Found a shadowy altar of Dithmenos.
  1990 | D:2      | Reached XP level 5. HP: 35/35 MP: 6/8
  2448 | D:3      | Found a shimmering altar of Xom.
  2448 | D:3      | Found an ancient bone altar of Kikubaaqudgha.
  2448 | D:3      | Found a basalt altar of Yredelemnul.
  2773 | D:3      | Noticed Natasha
  2782 | D:3      | Killed Natasha
  2887 | D:3      | Found a glowing golden altar of the Shining One.
  2919 | D:3      | Noticed Natasha
  2940 | D:3      | Killed Natasha
  2940 | D:3      | Reached skill level 7 in Earth Magic
  3039 | D:3      | Noticed Sigmund
  3043 | D:3      | Noticed Sigmund
  3043 | D:3      | Sigmund changed into Sigmund the wolf
  3048 | D:3      | Killed Sigmund the wolf
  3048 | D:3      | Reached XP level 6. HP: 19/41 MP: 4/10
  3580 | D:3      | Learned a level 5 spell: Lee's Rapid Deconstruction
  3667 | D:4      | Reached skill level 8 in Earth Magic
  3893 | D:4      | Reached XP level 7. HP: 46/46 MP: 8/11
  3912 | D:4      | Found a staircase to the Ecumenical Temple.
  3919 | Temple   | Entered the Ecumenical Temple
  3980 | Temple   | Became a worshipper of Ashenzari the Shackled
  4061 | D:4      | Got the cursed plate armour "Fisheydi" {-Tele Dex+6}
  4324 | D:4      | Found a bloodstained altar of Trog.
  4347 | D:4      | Reached skill level 1 in Armour
  4367 | D:4      | Reached skill level 9 in Earth Magic
  4461 | D:4      | Noticed a +0 hand axe
  4461 | D:4      | Noticed a -1 dagger
  4573 | D:4      | Noticed Purgy
  4585 | D:4      | Killed Purgy
  4585 | D:4      | Reached XP level 8. HP: 49/52 MP: 2/12
  5127 | D:4      | Found a hide-covered altar of Uskayaw.
  5355 | D:5      | Entered Level 5 of the Dungeon
  5359 | D:5      | Reached skill level 10 in Earth Magic
  5363 | D:5      | Reached skill level 5 in Armour
  5465 | D:4      | Identified the cursed +0 plate armour "Fisheydi" {-Tele
                  | Dex+6} (You found it on level 4 of the Dungeon)
  5735 | D:5      | Found Wot Wuto's Magic Scroll Shop.
  5829 | D:5      | Bought a scroll of enchant armour for 105 gold pieces
  5829 | D:5      | Bought a scroll of enchant armour for 105 gold pieces
  5829 | D:5      | Bought a scroll of identify for 28 gold pieces
  5959 | D:5      | Reached XP level 9. HP: 40/57 MP: 13/13
  6129 | D:5      | Found a runed translucent door.
  6129 | D:5      | Noticed robertstho's ghost (amateur DEIE)
  6259 | D:5      | Identified the +1 hunting sling "Penagh" {flame, MR+
                  | Stlth+}
  6442 | D:6      | Reached * piety under Ashenzari
  6453 | D:6      | Found a sand-covered staircase.
  6460 | Ossuary  | Entered an ossuary
  6500 | Ossuary  | Reached skill level 11 in Earth Magic
  7371 | D:6      | Noticed Grinder
  7475 | D:5      | Killed Grinder
  7587 | D:5      | Reached skill level 12 in Earth Magic
  7685 | D:6      | Reached skill level 1 in Fighting
  7818 | D:6      | Found a blossoming altar of Fedhas.
  7832 | D:6      | Noticed an oklob plant
  8064 | D:7      | Found Hoacue's Distillery.
  8077 | D:7      | Reached XP level 10. HP: 55/67 MP: 14/14
  8105 | D:7      | Bought a potion of degeneration for 15 gold pieces
  8524 | D:5      | Killed robertstho's ghost
  8524 | D:5      | Reached skill level 5 in Fighting
  8526 | D:5      | Identified the +9 spear of the Evening {flame, rElec}
  8874 | D:7      | Reached ** piety under Ashenzari
  9244 | D:7      | Found a white marble altar of Elyvilon.
  9606 | D:8      | Found Wigyilea's Weapon Boutique.
  9661 | D:8      | Found Kothiecu's Distillery.
  9666 | D:8      | Bought a potion of berserk rage for 50 gold pieces
  9823 | D:8      | Reached skill level 1 in Evocations
  9826 | D:8      | Found Foczuv's Magic Scroll Shoppe.
  9836 | D:8      | Bought a scroll of remove curse for 39 gold pieces
  9844 | D:8      | Found Xoloul Noo's Antique Armour Shoppe.
  9977 | D:8      | Identified a scroll of acquirement
  9978 | D:8      | Acquired 1169 gold pieces
  9989 | D:8      | Bought a shiny kite shield for 172 gold pieces
 10002 | D:8      | Bought a scroll of remove curse for 39 gold pieces
 10002 | D:8      | Bought a scroll of enchant armour for 97 gold pieces
 10002 | D:8      | Bought a scroll of magic mapping for 45 gold pieces
 10037 | D:7      | Bought a potion of might for 60 gold pieces
 10037 | D:7      | Bought a potion of heal wounds for 75 gold pieces
 10037 | D:7      | Bought a potion of ambrosia for 120 gold pieces
 10037 | D:7      | Bought a potion of mutation for 120 gold pieces
 10049 | D:8      | Reached skill level 1 in Shields
 10145 | D:8      | Reached *** piety under Ashenzari
 10241 | D:8      | Noticed Grum
 10263 | D:8      | Killed Grum
 10525 | D:8      | Found Isazur's Weapon Emporium.
 10827 | D:9      | Reached skill level 5 in Shields
 10827 | D:9      | Reached XP level 11. HP: 78/84 MP: 15/15
 10858 | D:9      | Noticed a two-headed ogre
 10870 | D:9      | Killed a two-headed ogre
 11614 | D:9      | Reached **** piety under Ashenzari
 12078 | D:10     | Entered Level 10 of the Dungeon
 12654 | D:10     | Identified the +5 flail "Sitiuw" {drain, +Rage rN+}
 12662 | D:10     | Noticed an unseen horror
 12672 | D:10     | Killed an unseen horror
 12675 | D:10     | Noticed a skeletal warrior
 12817 | D:10     | Noticed an unseen horror
 12831 | D:9      | Killed an unseen horror
 13002 | D:9      | Killed a skeletal warrior
 13002 | D:9      | Reached skill level 13 in Earth Magic
 13289 | D:9      | Found a radiant altar of Vehumet.
 13566 | D:10     | Noticed an orc knight
 13588 | D:10     | Killed an orc knight
 13588 | D:10     | Reached XP level 12. HP: 73/96 MP: 1/19
 13840 | D:10     | Reached skill level 5 in Spellcasting
 14087 | D:10     | Learned a level 6 spell: Iron Shot
 14268 | D:10     | Reached skill level 1 in Conjurations
 14438 | D:10     | Reached skill level 10 in Fighting
 15166 | D:10     | Reached ***** piety under Ashenzari
 15197 | D:11     | Noticed a two-headed ogre
 15201 | D:11     | Killed a two-headed ogre
 15473 | D:11     | Noticed a death yak
 15476 | D:11     | Noticed a death yak
 15482 | D:11     | Noticed a death yak
 15490 | D:11     | Reached skill level 14 in Earth Magic
 15490 | D:11     | Killed a death yak
 15493 | D:11     | Killed a death yak
 15495 | D:11     | Killed a death yak
 15495 | D:11     | Reached skill level 5 in Conjurations
 15929 | D:11     | Found a staircase to the Lair.
 15932 | D:11     | Noticed a two-headed ogre
 15942 | D:11     | Killed a two-headed ogre
 16146 | D:11     | Found a runed translucent gate.
 16146 | D:11     | Noticed a cyan very ugly thing
 16147 | D:11     | Found a runed translucent gate.
 16147 | D:11     | Found a runed translucent gate.
 16147 | D:11     | Noticed a glowing orange brain
 17022 | Lair:1   | Entered Level 1 of the Lair of Beasts
 17079 | Lair:1   | Noticed mandarbmax's ghost (journeyman TrTm)
 17080 | Lair:1   | Identified the ring of Nefin {Fire Dex+6}
 17122 | Lair:1   | Reached XP level 13. HP: 82/103 MP: 6/20
 17432 | Lair:1   | Found a runed translucent gate.
 17432 | Lair:1   | Found a runed translucent gate.
 17432 | Lair:1   | Found a runed translucent gate.
 17701 | Lair:2   | Found a hole to the Spider Nest.
 17704 | Lair:2   | Noticed a five-headed hydra
 17709 | Lair:2   | Killed a five-headed hydra
 18471 | Lair:2   | Reached ****** piety under Ashenzari
 18819 | Lair:3   | Reached skill level 15 in Earth Magic
 19011 | Lair:3   | Noticed a five-headed hydra
 19019 | Lair:3   | Killed a five-headed hydra
 19290 | D:11     | Killed a cyan very ugly thing
 19427 | D:11     | Found a runed translucent gate.
 19427 | D:11     | Found a runed translucent gate.
 19433 | D:11     | Noticed Triangle's ghost (novice DrBe)
 19434 | D:11     | Found a runed translucent gate.
 19530 | D:11     | Killed Triangle's ghost
 19543 | D:11     | Gained mutation: Scrolls take you a little longer to read.
                  | [a neqoxec]
 19594 | D:11     | Gained mutation: Your magical capacity is low. (-10% MP)
                  | [mutagenic glow]
 19758 | D:12     | Found a frozen archway.
 19783 | IceCv    | Entered an ice cave
 20374 | IceCv    | Reached XP level 14. HP: 110/110 MP: 0/21
 20946 | IceCv    | Noticed a white draconian
 20964 | IceCv    | Killed a white draconian
 21103 | IceCv    | Identified the cursed +0 lajatang "Tyuss" {speed, Int+5
                  | Dex-5 Stlth+}
 21312 | D:12     | Found a shimmering altar of Xom.
 21313 | D:12     | Found the +7 mace of Variability {chain chaos}
 21419 | D:12     | Noticed Azrael
 21428 | D:12     | You fall into a shaft and drop 3 floors!
 21428 | D:15     | Entered Level 15 of the Dungeon
 21681 | D:14     | Identified the cursed +0 pair of boots of Autumn {Str+3}
 21958 | D:12     | Found Paubbeon's Book Emporium.
 22120 | D:12     | You fall into a shaft and drop 3 floors!
 22120 | D:15     | Found a broken altar of Ashenzari.
 22120 | D:15     | Noticed a frost giant
 22612 | Lair:3   | Reached skill level 10 in Spellcasting
 23074 | Lair:3   | Found a staircase to the Swamp.
 25650 | Lair:5   | Reached XP level 15. HP: 111/115 MP: 20/27
 26087 | Lair:5   | Learned a level 4 spell: Petrify
 26252 | Lair:4   | Reached skill level 10 in Armour
 26409 | Lair:5   | Found a runed translucent door.
 26424 | Lair:5   | Identified the +1 pair of boots of Bover {rElec rF+}
 26622 | Lair:5   | Identified the +6 quarterstaff of Blue Defence {venom,
                  | *Drain MR+ Dex+3}
 27534 | Lair:5   | Found a staircase to the Slime Pits.
 27609 | Lair:6   | Entered Level 6 of the Lair of Beasts
 27907 | Lair:5   | Reached skill level 10 in Shields
 28884 | Lair:6   | Noticed Sonja
 29494 | Lair:5   | Killed Sonja
 31272 | Lair:6   | Reached XP level 16. HP: 122/122 MP: 10/28
 33827 | D:12     | Noticed Maurice
 33831 | D:12     | Killed Maurice
 34726 | D:12     | Killed Azrael
 34746 | D:12     | Found a staircase to the Orcish Mines.
 35084 | Orc:1    | Entered Level 1 of the Orcish Mines
 35628 | Orc:1    | Noticed Nergalle
 35632 | Orc:1    | Killed Nergalle
 35632 | Orc:1    | Reached skill level 10 in Conjurations
 35869 | Orc:1    | Noticed Josephine
 35872 | Orc:1    | Killed Josephine
 37368 | Orc:2    | Entered Level 2 of the Orcish Mines
 37544 | Orc:2    | Found a staircase to the Elven Halls.
 38083 | Orc:2    | Found a roughly hewn altar of Beogh.
 38090 | Orc:2    | Found a roughly hewn altar of Beogh.
 38289 | Orc:2    | Found a roughly hewn altar of Beogh.
 38430 | Orc:2    | Found a roughly hewn altar of Beogh.
 38545 | Orc:2    | Found a roughly hewn altar of Beogh.
 38546 | Orc:2    | Found Nuirer's Armour Shop.
 38758 | Orc:2    | Noticed Rupert
 38771 | Orc:2    | Noticed Saint Roka
 38773 | Orc:2    | Killed Rupert
 38815 | Orc:2    | Reached XP level 17. HP: 90/133 MP: 16/29
 38828 | Orc:2    | Killed Saint Roka
 39410 | Orc:2    | Found Unykhy's Antique Armour Shop.
 39411 | Orc:2    | Found a roughly hewn altar of Beogh.
 39413 | Orc:2    | Found Xynumi's Antique Weapon Boutique.
 39541 | Orc:2    | Found a roughly hewn altar of Beogh.
 39544 | Orc:2    | Found Rarash's Book Emporium.
 39842 | Orc:2    | Bought a brightly glowing plate armour for 1120 gold pieces
 39842 | Orc:2    | Identified the +7 plate armour "Nekhorphesm" {Dex+4 Stlth+}
                  | (You bought it in a shop on level 2 of the Orcish Mines)
 40046 | D:13     | Reached skill level 1 in Staves
 40452 | D:13     | Found a gate to the Vaults.
 41338 | D:14     | Reached skill level 5 in Staves
 43441 | D:15     | Found a staircase to the Depths.
 43844 | D:15     | Reached XP level 18. HP: 130/145 MP: 30/30
 44176 | Swamp:1  | Entered Level 1 of the Swamp
 44370 | D:12     | Bought a book of Frost for 385 gold pieces
 44374 | D:12     | Learned a level 3 spell: Ozocubu's Armour
 44380 | D:12     | Learned a level 5 spell: Summon Mana Viper
 44962 | Lair:3   | Reached skill level 1 in Summonings
 44962 | Lair:3   | Reached skill level 1 in Ice Magic
 46490 | Swamp:2  | Reached skill level 5 in Evocations
 46666 | Swamp:2  | Noticed Kirke
 46675 | Swamp:2  | Killed Kirke
 48306 | Swamp:3  | Reached skill level 5 in Summonings
 49343 | Swamp:4  | Entered Level 4 of the Swamp
 50229 | Swamp:4  | Reached XP level 19. HP: 150/152 MP: 18/31
 51893 | Swamp:4  | Got a decaying rune of Zot
 52073 | Spider:1 | Entered Level 1 of the Spider Nest
 52073 | Spider:1 | Identified the cursed +0 robe of Fishrius {rF- Int+4
                  | Stlth+}
 52362 | Spider:1 | Reached skill level 5 in Dodging
 56280 | Spider:3 | Reached skill level 10 in Evocations
 57642 | Spider:4 | Entered Level 4 of the Spider Nest
 58221 | Spider:4 | Reached XP level 20. HP: 159/159 MP: 8/32
 59268 | Spider:4 | Reached skill level 10 in Summonings
 59745 | Spider:4 | Got a gossamer rune of Zot
 60085 | Depths:1 | Entered Level 1 of the Depths
 60474 | Depths:1 | Learned a level 7 spell: Spellforged Servitor
 61248 | Depths:1 | Learned a level 6 spell: Shadow Creatures
 61305 | Depths:1 | Found a gateway to Hell.
 61332 | Depths:1 | Found a runed translucent gate.
 61332 | Depths:1 | Found a runed translucent gate.
 61332 | Depths:1 | Found a runed translucent gate.
 61517 | Depths:1 | Found an ancient bone altar of Kikubaaqudgha.
 61517 | Depths:1 | Noticed an ancient lich
 61517 | Depths:1 | Noticed an ancient lich
 61517 | Depths:1 | Noticed jesuscristo's ghost (adept OgHu)
 61517 | Depths:1 | Noticed miscthings's ghost (adept KoBe)
 61518 | Depths:1 | Identified the cursed +1 plate armour "Roylaog" {rElec}
 61518 | Depths:1 | Noticed Coschot's ghost (adept DgCj)
 61519 | Depths:1 | Identified the ring "Hysiuz" {rC+ Dex+6 Stlth+}
 61520 | Depths:1 | Identified the -4 pair of boots of Incorporation {rElec
                  | rCorr}
 61549 | Depths:1 | Found a one-way gate to the infinite horrors of the Abyss.
 62006 | Depths:1 | Found a gateway to a ziggurat.
 62568 | Lair:1   | Killed mandarbmax's ghost
 63082 | Depths:1 | Noticed Bai Suzhen
 63104 | Depths:1 | Killed Bai Suzhen
 63241 | Depths:2 | Identified the +5 dagger "Vugaomm" {drain, *Contam +Rage
                  | rPois Str+4}
 63528 | Depths:2 | Reached XP level 21. HP: 102/165 MP: 5/33
 64925 | Depths:2 | Noticed a lich
 64945 | Depths:2 | Killed a lich
 65945 | D:12     | Bought a book of Annihilations for 1214 gold pieces
 65954 | D:12     | Learned a level 8 spell: Lehudib's Crystal Spear
 66293 | Depths:4 | Reached skill level 16 in Earth Magic
 66294 | Depths:4 | Noticed Frederick
 66338 | Depths:4 | Killed Frederick
 66480 | Depths:3 | Found a magical portal.
 66484 | WizLab   | Entered Doroklohe's Tomb
 66745 | WizLab   | Identified the cursed +0 ring mail of Henotheism {MR- Int+8
                  | Dex+9}
 67303 | WizLab   | Noticed a greater mummy
 67326 | WizLab   | Killed a greater mummy
 68506 | Depths:3 | Reached XP level 22. HP: 150/172 MP: 34/34
 69297 | Depths:3 | Reached skill level 17 in Earth Magic
 69847 | Depths:3 | Found a one-way gate leading to the halls of Pandemonium.
 70657 | Depths:2 | Noticed a juggernaut
 70669 | Depths:2 | Killed a juggernaut
 71023 | Depths:2 | Found the +0 mask of the Dragon {MR+ Slay+3 SInv}
 71468 | Depths:4 | Slain by a deep troll

Illustrated notes

Levels and vault maps discovered:
D:1:      minmay_arrival_floating_metal, layout_basic, corexii_leaking_fountain
D:2:      layout_basic, nicolae_dithmenos_shadow_blocks,
          hangedman_decor_clover_reticule
D:3:      layout_loops_ring, overflow_temple_1_default,
          gammafunk_temple_overflow_claw, uniq_natasha, uniq_sigmund
D:4:      minmay_octagon_keep, layout_basic, dancing_weapons_uskayaw,
          trog_eyes_of_draining, minmay_temple_entry_arrows,
          grunt_ministairs_10, uniq_purgy
D:5:      layout_cave_pools, ebering_ghost_inner_flame, serial_shops, shop
D:6:      layout_rooms, chequers_ossuary_entry_cave, minmay_misc_feat_five,
          tgw_fedhas, uniq_grinder
D:7:      layout_rooms, elyvilon_altar_3, serial_shops, shop,
          serial_corexii_hall, chequers_hall_statues_y,
          chequers_hall_statues_wall_a, corexii_hall_statues_i,
          corexii_hall_statues_i
D:8:      layout_cave_pods, serial_shops, nicolae_shop_stone,
          kennysheep_little_box, shop, shop, shop_statue, uniq_grum
D:9:      layout_irregular_city, nicolae_overflow_hidden_temple
D:10:     minmay_the_grid_plus [minmay_the_grid_square_x,
          minmay_the_grid_medium_cups, minmay_the_grid_armoury,
          minmay_the_grid_minigrid_medium,
          minmay_the_grid_prize_four_corners_diamond_a], layout_loops_ring,
          serial_undead, serial_undead_f, serial_undead_f, serial_undead_c,
          serial_undead_c, serial_undead_a, serial_undead_f, serial_undead_d,
          serial_undead_c, serial_undead_b, serial_undead_d
D:11:     layout_loops_ring, dpeg_lair_monsters,
          ploomutoo_gammafunk_ghost_potion_laboratory, dk_noncrumbling_2,
          dk_vineyard_1, dk_noncrumbling_4
D:12:     layout_stronghold, erik_orc_1, portal_ice_cave_entry_ice_beasts,
          serial_shops, shop, serial_glass, glass_columns_a, glass_columns_a,
          feat_on_display, feat_on_display, due_unseen_surprise,
          item_on_display_a, minmay_guarded_unrand_variability, uniq_azrael,
          uniq_maurice
D:13:     layout_gridville, erik_vaults_2, corexii_checkpoint_b,
          small_chamber_with_monster
D:14:     layout_cave_pools
D:15:     grunt_enter_depths_magical_seal, layout_loops_ring,
          minmay_crystal_water, minmay_ruined_shrine
Temple:   nicolae_temple_god_jail
Lair:1:   layout_hall_layers, gammafunk_ghost_icy, serial_bayou_shore_b
Lair:2:   layout_cave_pods, nicolae_spider_entry_orb_guardian
Lair:3:   layout_misc_corridors, palyth_hydra_swamp_entry,
          infiniplex_staircase_pool, serial_bayou_shore_b, grunt_megastairs_1
Lair:4:   layout_long_grid, serial_rivers, chequers_serial_rivers_micro_c,
          chequers_serial_rivers_marsh, chequers_serial_rivers_micro_a,
          chequers_serial_rivers_small_a, chequers_serial_rivers_micro_e,
          guppyfry_lair_drakes
Lair:5:   layout_roguey, dpeg_slime_entry_corner, pf_torpor_hydra,
          serial_bayou_shore_a
Lair:6:   gammafunk_lair_ancient_temple, layout_regular_city, uniq_sonja
Swamp:1:  layout_basic_swamp, evilmike_swamp_ruin_house_4
Swamp:2:  layout_basic_swamp, nicolae_swamp_orc_logging_accident, uniq_kirke
Swamp:3:  layout_basic_swamp, evilmike_swamp_ruin_rubble_2
Swamp:4:  swamp_icy, layout_basic_swamp
Spider:1: layout_spider_delve
Spider:2: layout_spider_delve, nicolae_looking_at_the_future
Spider:3: layout_spider_delve, drop_trap
Spider:4: spider_rune_water
Orc:1:    layout_caves, minmay_orc_treasury, uniq_nergalle, uniq_josephine
Orc:2:    grunt_orc_community_town_hall, layout_caves,
          grunt_orc_community_big_house_1, grunt_orc_community_big_house_1,
          grunt_orc_community_house_2, grunt_orc_community_house_3,
          grunt_orc_community_house_2, grunt_orc_community_house_2,
          grunt_orc_community_house_3, grunt_orc_community_house_2, uniq_rupert
Depths:1: layout_gridlike, enter_ziggurat_a, grunt_decor_mini_mirrors,
          gammafunk_ghost_crypt, hell_entry, hangedman_abyss_entry_splay,
          lemuel_flamethrower_3, uniq_bai_suzhen
Depths:2: cheibrodos_hall_of_evolution, layout_cross, hell_entry,
          kennysheep_generic_room_2, infiniplex_staircase_pool_2
Depths:3: kennysheep_funnel, layout_cave_pools, pf_vacation_house_of_asmodeus,
          grunt_pan_entry_spiral, mu_enter_wizlab_4,
          chequers_serial_rivers_room_b, kennysheep_small_spiral,
          infiniplex_staircase_trident
Depths:4: evilmike_horseshoe, layout_small_grid, hellmouth_1, abyss_entry,
          serial_sigils_hangedman_confine, serial_shops, nicolae_shop_crystal,
          infiniplex_staircase_x, uniq_frederick

Skill      XL: |  1  2  3  4  5  6  7  8  9 10 11 12 13 14 15 16 17 18 19 20 21 22 |
---------------+-------------------------------------------------------------------+-----
Dodging        | 2 4 7 8 |  8.0
Earth Magic    | 4 5 6 7 8 9 10 12 13 14 15 16 17 | 17.7
Spellcasting   | 3 4 5 6 12 | 12.0
Armour         | 3 5 8 9 12 14 | 14.0
Fighting       | 2 7 9 10 12 13 14 | 14.8
Evocations     | 1 3 7 10 11 | 11.8
Shields        | 5 7 12 | 12.3
Conjurations   | 6 9 10 11 13 | 13.9
Staves         | 8 9 |  9.7
Summonings     | 6 9 11 12 | 12.9
Ice Magic      | 1 |  1.4
Stealth        | |  2.4
Transmutations | |  1.1

Action                   |  1- 3 |  4- 6 |  7- 9 | 10-12 | 13-15 | 16-18 | 19-21 | 22-24 || total
-------------------------+-------+-------+-------+-------+-------+-------+-------+-------++-------
Melee: Dagger            |    39 |     5 |       |       |       |       |       |       ||    44
       Scythe            |       |     1 |     4 |       |       |       |       |       ||     5
       War axe           |       |       |   290 |   478 |   319 |   285 |       |       ||  1372
       Lajatang          |       |       |       |       |       |  1154 |  1651 |   255 ||  3060
 Cast: Sandblast         |    21 |    66 |    54 |    56 |   130 |    69 |    66 |     1 ||   463
       Stone Arrow       |       |    17 |     3 |    11 |    20 |     2 |     3 |     1 ||    57
       Lee's Rapid Decon |       |     3 |     8 |    66 |   123 |   111 |   122 |    11 ||   444
       Iron Shot         |       |       |       |       |   114 |   212 |   203 |    35 ||   564
       Ozocubu's Armour  |       |       |       |       |       |     5 |     2 |       ||     7
       Petrify           |       |       |       |       |       |       |     4 |       ||     4
       Shadow Creatures  |       |       |       |       |       |       |     6 |     2 ||     8
       Summon Mana Viper |       |       |       |       |       |       |     1 |       ||     1
       Spellforged Servi |       |       |       |       |       |       |    12 |     8 ||    20
Invok: Curse Item        |       |       |     6 |     2 |       |     3 |       |       ||    11
 Abil: Dig               |       |     1 |       |       |    20 |     7 |    20 |     2 ||    50
       Shaft Self        |       |       |       |       |     2 |       |       |       ||     2
Evoke: Wand              |       |     3 |     2 |     5 |     2 |     9 |     2 |       ||    23
       Condenser vane    |       |       |       |     1 |     2 |     4 |     4 |       ||    11
       Phial of floods   |       |       |       |       |       |     1 |     1 |       ||     2
       Phantom mirror    |       |       |       |       |       |       |     2 |       ||     2
  Use: Scroll            |       |       |    23 |     5 |     6 |     4 |     4 |       ||    42
       Potion            |       |       |     1 |     4 |     3 |     7 |     8 |       ||    23
 Stab: Sleeping          |     4 |       |       |       |       |       |       |       ||     4
       Paralysed         |       |       |       |     6 |       |       |       |       ||     6
       Confused          |       |       |       |       |     3 |       |       |       ||     3
       Invisible         |       |       |       |       |       |       |     8 |       ||     8
       Petrified         |       |       |       |       |       |       |     8 |       ||     8
       Distracted        |       |       |       |       |       |       |     3 |       ||     3
Armor: Robe              |     8 |     2 |       |       |       |       |       |       ||    10
       Leather armour    |       |     6 |     2 |       |       |       |       |       ||     8
       Plate armour      |       |       |   252 |   312 |   334 |   538 |   441 |    52 ||  1929
       Skin              |       |       |       |    33 |       |       |       |       ||    33
Dodge: Dodged            |    30 |    26 |    77 |   109 |   111 |   201 |   224 |    20 ||   798
Block: Other             |       |       |    75 |    67 |       |       |       |       ||   142
       Reflection        |       |       |     4 |    12 |     7 |    64 |    40 |    11 ||   138
       Kite shield       |       |       |       |   365 |   571 |   343 |       |       ||  1279
       Tower shield      |       |       |       |       |       |   987 |  1223 |   158 ||  2368

Table legend: (Time is in decaauts)
 A = Elapsed time spent in this place.
 B = Non-inter-level travel time spent in this place.
 C = Inter-level travel time spent in this place.
 D = Time resting spent in this place.
 E = Time spent auto-exploring this place.
 F = Levels seen in this place.
 G = Mean time per level.
                   A        B        C        D        E       F      G
               +--------+--------+--------+--------+--------+-----+--------+
         Total |  71133 |  66720 |   4413 |  32015 |  23603 |  39 | 1823.9 |
       Dungeon |  26308 |  24013 |   2295 |   9347 |  10167 |  15 | 1753.9 |
        Temple |     80 |     64 |     16 |      0 |     54 |   1 |   80.0 |
          Lair |  14841 |  13912 |    929 |   8683 |   3466 |   6 | 2473.5 |
         Swamp |   6614 |   6323 |    291 |   3271 |   2177 |   4 | 1653.5 |
   Spider Nest |   7238 |   6956 |    282 |   2948 |   3081 |   4 | 1809.5 |
  Orcish Mines |   4258 |   4009 |    249 |   1254 |   1774 |   2 | 2129.0 |
        Depths |   8352 |   8003 |    349 |   4355 |   2407 |   4 | 2088.0 |
       Ossuary |    518 |    518 |      0 |    127 |    125 |   1 |  518.0 |
      Ice Cave |   1481 |   1481 |      0 |    950 |    241 |   1 | 1481.0 |
        Wizlab |   1439 |   1439 |      0 |   1079 |    110 |   1 | 1439.0 |
               +--------+--------+--------+--------+--------+-----+--------+

Top non-repeatable levels by time:
  Lair:5: 4564 daAuts
    D:12: 3417 daAuts
Depths:1: 3270 daAuts
Spider:3: 2985 daAuts
  Lair:6: 2739 daAuts
  Lair:3: 2734 daAuts
Depths:2: 2652 daAuts
   Orc:2: 2499 daAuts
    D:10: 2486 daAuts
     D:9: 2422 daAuts
 Swamp:3: 2346 daAuts
    D:11: 2096 daAuts
Depths:3: 2093 daAuts
    D:15: 1936 daAuts
     D:4: 1918 daAuts
